Unix NetHack Version 5.0.0-0 post-release - last build May 22 2026 02:22:16 (99d1c3b6dc4b13757aaa5824b55bdea4e1e63757,branch:main).

Game began 2026-05-22 23:26:13, ended 2026-05-22 23:44:43.

Jobair, neutral female human Tourist

                         -------------
                         |.......`...|            -------------
                         |...........-#           |.........(.|
                         |...........|#           |...........|       -------
 --------                |...........|#          #............|       |.....|
 |..`.(.|                |...........|#          #|..>.........#######.*....|
 |......|    d@+         |...........|#        ###............|       |..(..|
 |.......#   #           -------------##     #####-+----------.       |.<...|
 ----|---#####                         #     # #             #        -------
     ######                            #    ####          * #
     #                                 #    ## #          ##
     ##                                #### ## #*   *# *  ##
      #                 0#######################*#####*#########
      #        -----     ####################  -----        -.-|--
   ---.---     |...|     #---------------#     |...|        |..[.|
   |.....|#    |...|##   #|.............|#     |{..-########-....|
   |.....-#    |...| #####..............|#     |...|        |....|
   |.....|#####-...-######|.............|######....|        ------
   -------     -----      ---------------      -----

Jobair the Sightseer        St:9 Dx:10 Co:16 In:14 Wi:11 Ch:15  Neutral
Dlvl:5  $:504 HP:0(39) Pw:17(17) AC:8  Xp:4 T:2247 

Latest messages:
 Godzilla drops a +2 dart.
 Godzilla picks up a +2 dart.
 You finish eating the rothe corpse.
 You see here a scroll labeled STRC PRST SKRZ KRK.
 M - a scroll labeled STRC PRST SKRZ KRK.
 You see here a goober.
 N - a goober.
 Godzilla drops a +2 dart.
 You swap places with your dog.
 $ - 10 gold pieces (504 in total).
 a - a +2 dart (at the ready) (32 in total).
 Hmmm, the chest turns out to be locked.
 Unlock it with your credit card? [ynq] (q) y
 You succeed in picking the lock.
 You learn more about your items by comparing them.
 f - 2 uncursed fortune cookies (4 in total).
 O - a pine wand.
 You swap places with your dog.
 What do you want to write with?
 You write in the dust with your fingertip.
 What do you want to write in the dust here? foooooooooooo
 You finish writing in the dust.
 What do you want to write with?
 This pine wand is a wand of digging!
 You wipe out the message that was written in the dust here.
 You engrave in the floor with a wand of digging.
 What do you want to engrave in the floor here? Elbereth
 Gravel flies up from the floor.
 You stop.  Godzilla is in the way!
 You see here an empty unlocked chest.
 You swap places with your dog.
 The door opens.
 KABOOM!!  The door was booby-trapped!
 You hear the wailing of the Banshee...
 You stagger...
 You miss Godzilla.
 You miss the dog.
 You feel a bit steadier now.
 You stop.  Godzilla is in the way!
 You find a hidden passage.
 You swap places with your dog.
 You find a hidden door.
 The door opens.
 KABOOM!!  The door was booby-trapped!
 You die...
 Do you want your possessions identified? [ynq] (y) y
 Do you want to see your attributes? [ynq] (y) y
 Do you want an account of creatures vanquished? [ynaq] (y) y
 Do you want to see your conduct and achievements? [ynq] (y) y
 Do you want to see the dungeon overview? [ynq] (y) y

Inventory:
 Coins    ('$')
  $ - 504 gold pieces
 Weapons  (')')
  a - 32 +2 darts (at the ready)
  x - a +0 dagger
  u - a +0 elven dagger (weapon in right hand)
  n - a blessed +1 orcish dagger
 Armor    ('[')
  H - a blessed +1 orcish helm (being worn)
  k - an uncursed +0 Hawaiian shirt with a ukulele motif
 Comestibles  ('%')
  N - an uncursed goober
  c - an uncursed eucalyptus leaf
  b - 6 uncursed food rations
  f - 4 uncursed fortune cookies
  e - an uncursed tripe ration
  d - an uncursed homemade tin of lichen
 Scrolls  ('?')
  B - an uncursed scroll of blank paper
  M - an uncursed scroll of enchant armor
  o - an uncursed scroll of identify
  I - a blessed scroll of light
  j - a blessed scroll of magic mapping
  i - 3 uncursed scrolls of magic mapping
  z - an uncursed scroll of scare monster
 Spellbooks  ('+')
  F - an uncursed spellbook of slow monster
 Potions  ('!')
  v - an uncursed potion of confusion
  h - 2 uncursed potions of extra healing
  E - an uncursed potion of gain energy
  y - a blessed potion of healing
  p - an uncursed potion of healing
  J - a blessed potion of invisibility
  q - an uncursed potion of monster detection
  r - an uncursed potion of object detection
  t - an uncursed potion of sleeping
  s - an uncursed potion of speed
 Rings    ('=')
  C - a blessed +1 ring of adornment
 Wands    ('/')
  O - a wand of digging (0:4)
  K - a wand of make invisible (0:3)
  A - a wand of striking (0:6)
 Tools    ('(')
  w - an uncursed blindfold
  m - an uncursed credit card
  l - an expensive camera (0:87)
 Gems/Stones  ('*')
  D - an uncursed worthless piece of orange glass
  G - an uncursed luckstone

Jobair the Tourist's attributes:

Background:
 You were a Sightseer, a level 4 female human Tourist.
 You were neutral, nominally on a mission for The Lady
 who was opposed by Blind Io (lawful) and Offler (chaotic).
 You were right-handed.
 You were in the Dungeons of Doom, on level 5.
 You entered the dungeon 2247 turns ago.
 It was nighttime.
 You had 131 experience points, 29 more were needed to attain level 5.

Basics:
 You had 0 out of 39 hit points.
 You had all 17 energy points (spell power).
 Your armor class was 8.
 Your wallet contained 504 zorkmids.
 Autopickup was off.

Final Characteristics:
 Your strength was 9 (limit:18/100).
 Your dexterity was 10 (limit:18).
 Your constitution was 16 (limit:18).
 Your intelligence was 14 (limit:18).
 Your wisdom was 11 (limit:18).
 Your charisma was 15 (limit:18).

Final Status:
 You weren't hungry.
 You were unencumbered.
 You were wielding a dagger.
 You were unskilled in dagger and could have enhanced that.

Final Attributes:
 You were devoutly aligned.
 You were telepathic.
 You were lucky.
 You had extra luck.
 Bad luck did not time out for you.
 Good luck did not time out for you.
 You are dead.

Miscellaneous:
 You didn't encounter any bones levels.
 Total elapsed playing time was 18 minutes and 28 seconds.

Major events:
 Turn
    1: Jobair the neutral female human Tourist entered the dungeon
  834: entered the Gnomish Mines
  857: attained the rank of Sightseer (level 3)
 2247: killed by an explosion

You didn't know any spells.

Skills:
 Fighting Skills
   bare handed combat [Unskilled]
   two weapon combat  [Unskilled]
   riding             [Unskilled]
 Weapon Skills
   dagger             [Unskilled]
   knife              [Unskilled]
   axe                [Unskilled]
   pick-axe           [Unskilled]
   short sword        [Unskilled]
   broadsword         [Unskilled]
   long sword         [Unskilled]
   two-handed sword   [Unskilled]
   saber              [Unskilled]
   mace               [Unskilled]
   morning star       [Unskilled]
   flail              [Unskilled]
   hammer             [Unskilled]
   quarterstaff       [Unskilled]
   polearms           [Unskilled]
   spear              [Unskilled]
   trident            [Unskilled]
   lance              [Unskilled]
   bow                [Unskilled]
   sling              [Unskilled]
   crossbow           [Unskilled]
   dart               [Basic]
   shuriken           [Unskilled]
   boomerang          [Unskilled]
   whip               [Unskilled]
   unicorn horn       [Unskilled]
 Spellcasting Skills
   divination spells  [Unskilled]
   enchantment spells [Unskilled]
   escape spells      [Unskilled]

Voluntary challenges:
 Character rerolling was not enabled.
 You were an atheist.
 You never genocided any monsters.
 You never polymorphed an object.
 You never changed form.
 You used no wishes.
Achievements:
 You entered a shop.
 You entered the Gnomish Mines.
 You attained the rank of Sightseer.

 The Dungeons of Doom: levels 1 to 5
    Level 1:
    Level 2:
       A potion shop.
       Stairs down to The Gnomish Mines.
    Level 3:
       A general store.
    Level 4:
    Level 5: <- You were here.
       A sink.
       Final resting place for
          you, killed by an explosion.
 The Gnomish Mines:
    Level 3:


Vanquished creatures:
 an imp
  a rock mole
  a straw golem
  2 little dogs
  a floating eye
  a homunculus
  a rothe
 an iguana
  2 hobbits
  a manes
  2 giant rats
  a gnome zombie
  a gecko
  3 jackals
  a fox
  a kobold
  2 goblins
  2 sewer rats
  4 lichens
  3 kobold zombies
  5 newts
37 creatures vanquished.

No species were genocided or became extinct.

Game over:
                       ----------
                      /          \
                     /    REST    \
                    /      IN      \
                   /     PEACE      \
                  /                  \
                  |      Jobair      |
                  |      504 Au      |
                  |   killed by an   |
                  |    explosion     |
                  |                  |
                  |                  |
                  |       2026       |
                 *|     *  *  *      | *
        _________)/\\_//(\/(/\)/\//\/|_)_______

Aloha Jobair the Tourist...

You died in The Dungeons of Doom on dungeon level 5 with 823 points,
and 504 pieces of gold, after 2247 moves.
You were level 4 with a maximum of 39 hit points when you died.

